Unix NetHack Version 3.7.0-73 Work-in-progress - last build Feb 15 2023 13:44:07 (7e882657273b58d2b20c000abed489558a81fd26,branch:master). Game began 2023-02-16 16:02:56, ended 2023-02-16 16:19:51. Gandelf, neutral male human Monk ------- ----.....--- |...G@.....---- ------ ...... -e|......|.-- |.|..| -#... h.--.^--....-- |....| -- -- ----|.....--|....-- |.......|.....-------- --..............|.|..| --..................---- |..--.................| --------..............| ---- |....---......-- --).--|...-| - ...-- |.[[.|--...| ---- --...---..--- --- |..%%......-- #...# *..........<| | --.........0| ---..--.--- ------- Gandelf the Initiate St:13 Dx:13 Co:14 In:10 Wi:14 Ch:11 Neutral S:2047 Dlvl:5 $:147 HP:0(46) Pw:19(32) AC:0 Xp:6/425 T:1517 Burdened Latest messages: The dwarf zaps a wand of create monster! An iguana suddenly appears next to you! You miss the dwarf. You kill the dwarf! You hit the iguana! You hit the iguana! You kill the iguana! n - 2 darts (at the ready). K - a wand of create monster. $ - 35 gold pieces (75 in total). There are many more objects here. You have a little trouble lifting a pick-axe. Continue? [ynq] (q) y You have a little trouble lifting L - a pick-axe. Your movements are slowed slightly because of your load. You have a little trouble lifting w - a food ration (3 in total). You have a little trouble lifting M - a blue gem. You have a little trouble lifting N - 2 green gems. You have a little trouble lifting O - 2 white gems. You have a little trouble lifting o - 9 darts. You have a little trouble lifting $ - 72 gold pieces (147 in total). There are many more objects here. You have a little trouble lifting P - a dwarvish mithril-coat. You have a little trouble lifting a dwarvish mithril-coat. Continue? [ynq] (q) q There are many objects here. You have a little trouble lifting Q - a dwarvish cloak. You have a little trouble lifting R - a dwarvish cloak. You have a little trouble lifting S - a scroll labeled HAPAX LEGOMENON. You try to move the boulder, but in vain. You hit the floating eye. You are frozen by the floating eye's gaze! You hear crashing rock. The dart hits the floating eye. The gnome lord hits! The gnome lord hits! The gnome lord hits! The gnome lord hits! The gnome lord misses! The gnome lord hits! The gnome lord hits! The gnome lord just misses! The gnome lord hits! The gnome lord hits! The gnome lord hits! The dwarf wields a broad short sword! The gnome lord hits! The gnome lord hits! The gnome lord hits! The gnome lord hits! You die... Do you want your possessions identified? [ynq] (y) q Inventory: Coins $ - 147 gold pieces Weapons o - 9 blessed +0 darts n - 2 +0 darts (at the ready) Armor E - a cursed -1 dwarvish iron helm (being worn) a - an uncursed +2 pair of leather gloves (being worn) z - an uncursed +1 pair of iron shoes F - a cursed -1 pair of iron shoes (being worn) G - an uncursed +0 dwarvish roundshield (being worn) R - an uncursed +2 dwarvish cloak I - an uncursed +0 dwarvish cloak Q - an uncursed +0 dwarvish cloak A - a cursed -2 dwarvish cloak b - an uncursed +1 robe (being worn) P - an uncursed +0 dwarvish mithril-coat Comestibles h - 5 uncursed apples g - an uncursed food ration w - 3 uncursed food rations j - 3 uncursed fortune cookies s - an uncursed fortune cookie i - 5 uncursed oranges k - 3 uncursed lichen corpses Scrolls d - an uncursed scroll of blank paper u - an uncursed scroll of blank paper t - a blessed scroll of enchant weapon r - an uncursed scroll of food detection m - an uncursed scroll of identify S - an uncursed scroll of light Potions x - a cursed potion of full healing e - 3 uncursed potions of water Wands K - a wand of create monster (0:9) Tools B - a +0 pick-axe L - a +0 pick-axe C - an uncursed stethoscope D - an uncursed wax candle Gems/Stones y - an uncursed worthless piece of black glass M - an uncursed worthless piece of blue glass N - 2 uncursed worthless pieces of green glass O - 2 uncursed worthless pieces of white glass J - an uncursed touchstone Gandelf the Monk's attributes: Background: You were an Initiate, a level 6 male human Monk. You were neutral, nominally on a mission for Chih Sung-tzu who was opposed by Shan Lai Ching (lawful) and Huan Ti (chaotic). You were in the Gnomish Mines, on level 5. You entered the dungeon 1517 turns ago. You had 425 experience points, 215 more were needed to attain level 7. Your score was 2047 before end-of-game adjustments. Basics: You had 0 out of 46 hit points. You had 19 out of 32 energy points (spell power). Your armor class was 0. Your wallet contained 147 zorkmids. Autopickup was on for '$?!+/=' plus thrown. Final Characteristics: Your strength was 13 (limit:18/100). Your dexterity was 13 (limit:18). Your constitution was 14 (limit:18). Your intelligence was 10 (limit:18). Your wisdom was 14 (limit:18). Your charisma was 11 (limit:18). Final Status: You were not hungry. You were burdened; movement was slightly slowed. You were empty handed. You had basic skill with martial arts. Final Attributes: You were devoutly aligned. You were sleep resistant. You were poison resistant. You saw invisible. You were stealthy. You were guarded. You were fast. You are dead. Miscellaneous: You never encountered a bones level. Total elapsed playing time was 16 minutes and 54 seconds. Major events: Turn 1: Gandelf the neutral male human Monk entered the dungeon 447: attained the rank of Novice (level 3) 1061: entered the Gnomish Mines 1406: attained the rank of Initiate (level 6) 1517: killed by a gnome lord, while frozen by a floating eye's gaze Vanquished creatures: a small mimic 2 gnome leaders 5 dwarves 4 hill orcs a dwarf zombie an iguana 5 killer bees a gas spore 14 gnomes a gecko a kobold a goblin 3 grid bugs 5 lichens 3 newts 48 creatures vanquished. No species were genocided or became extinct. Voluntary challenges: You followed a strict vegan diet. You were an atheist. You never hit with a wielded weapon. You were illiterate. You never engraved Elbereth. You never genocided any monsters. You never polymorphed an object. You never changed form. You used no wishes. Achievements: You entered a shop. You attained the rank of Novice. You entered the Gnomish Mines. You attained the rank of Initiate. The Dungeons of Doom: levels 1 to 3 Level 1: A fountain. Level 2: A general store, some fountains. Level 3: Stairs down to The Gnomish Mines. The Gnomish Mines: levels 4 to 5 Level 4: Level 5: <- You were here. Final resting place for you, killed by a gnome lord, while frozen by a floating eye's gaze. Game over: ---------- / \ / REST \ / IN \ / PEACE \ / \ | Gandelf | | 147 Au | | killed by a | | gnome lord | | | | | | 2023 | *| * * * | * _________)/\\_//(\/(/\)/\//\/|_)_______ Goodbye Gandelf the Monk... You died in The Gnomish Mines on dungeon level 5 with 2033 points, and 147 pieces of gold, after 1517 moves. You were level 6 with a maximum of 46 hit points when you died.